[Event "Oleksandr Stadnyk Memorial 2020"]
[Site "Chortkiv"]
[Date "2020.12.07"]
[Round "1.1"]
[White "Vakulenko, Oleksandr"]
[Black "Polishchuk, Oleg"]
[Result "1-0"]
[ECO "E86"]
[WhiteElo "2245"]
[BlackElo "2155"]
[Annotator "NA"]
[PlyCount "67"]
[EventDate "2020.12.07"]
[EventType "tourn"]
[EventCountry "UKR"]
[SourceTitle "playchess.com"]
[Source "ChessBase"]
[SourceQuality "1"]
[TimeControl "5400+30"]

1. d4 Nf6 2. c4 g6 3. Nc3 Bg7 4. e4 d6 5. f3 O-O 6. Be3 e5 7. Nge2 c6 8. Qd2 Re8 9. d5 cxd5 10. cxd5 Nbd7 11. Nb5 Nc5 12. Rc1 b6 {[%emt 0:06:14] [#]} 13. b4 $1 Ba6 14. Nec3 $18 ({Don't do} 14. bxc5 $6 Bxb5 15. c6 Rf8 $18) 14... Nb7 15. Nxd6 Nxd6 16. Bxa6 Nh5 17. O-O f5 18. Nb5 fxe4 19. Nxd6 Qxd6 20. fxe4 Rf8 21. Rc6 Rxf1+ 22. Bxf1 Qd7 23. b5 Rf8 24. d6 Nf6 25. Rc7 Qg4 26. d7 Rd8 27. h3 Qxd7 28. Rxd7 Rxd7 29. Qc3 Re7 30. Qc8+ Re8 31. Qb7 Bf8 32. Qxa7 Nxe4 33. Bc4+ Kh8 34. Qf7 1-0

[Event "Oleksandr Stadnyk Memorial 2020"]
[Site "Chortkiv"]
[Date "2020.12.07"]
[Round "1.2"]
[White "Medvedyk, Volodymyr"]
[Black "Hulka, Valentyn"]
[Result "1/2-1/2"]
[ECO "A15"]
[WhiteElo "2205"]
[BlackElo "1991"]
[Annotator "RC"]
[PlyCount "159"]
[EventDate "2020.12.07"]
[EventType "tourn"]
[EventCountry "UKR"]
[SourceTitle "playchess.com"]
[Source "ChessBase"]
[SourceQuality "1"]
[TimeControl "5400+30"]

1. c4 Nf6 2. g3 c6 3. Bg2 d5 4. Nf3 g6 5. b3 Bg7 6. Bb2 O-O 7. O-O a5 8. Na3 Bg4 9. Rc1 Re8 10. cxd5 cxd5 11. Ne5 Nfd7 12. d4 Nxe5 13. dxe5 Nc6 14. Bxd5 Nxe5 15. Bxb7 Rb8 16. Qxd8 Rexd8 17. Bxe5 Bxe5 18. Nc4 Rxb7 19. Nxe5 Bxe2 20. Nc6 Rd2 21. Nxa5 Rb5 22. Nc4 Rxa2 23. Rfe1 Rxb3 24. Na5 Rbb2 25. Nc6 e6 26. Ra1 Bf3 27. Rxa2 Rxa2 28. Ne5 Bd5 29. Nd3 Rd2 30. Nf4 Bf3 31. h4 h6 32. Ng2 Kg7 33. Re3 Bd5 34. Ne1 g5 35. hxg5 hxg5 36. g4 Rd4 37. f3 Rd2 38. Nd3 Kf6 39. Nf2 Kg6 40. Kg2 f5 41. gxf5+ Kxf5 42. Kg3 Rc2 43. Ng4 Rc1 44. Re5+ Kg6 45. Ne3 Bb3 46. Rb5 Rc3 47. Re5 Rd3 48. Ng4 Rd4 49. Nf2 Kf6 50. Re4 Rd2 51. Rb4 Bd5 52. Ne4+ Bxe4 53. Rxe4 Kf5 54. Re3 Rd4 55. Ra3 Rd1 56. Rb3 Rg1+ 57. Kf2 Rc1 58. Kg3 Rc4 59. Ra3 g4 60. fxg4+ Rxg4+ 61. Kf3 Rf4+ 62. Ke3 Rh4 63. Ra5+ e5 64. Kf3 Rh3+ 65. Kg2 Rb3 66. Ra4 e4 67. Ra8 Kf4 68. Rh8 Rf3 69. Ra8 Ke5 70. Ra5+ Kf6 71. Rb5 Ke6 72. Ra5 Rf8 73. Rb5 Kd6 74. Ra5 Rf7 75. Rb5 e3 76. Rb3 Re7 77. Rd3+ Kc5 78. Kf1 Kc4 79. Ke2 Rh7 80. Rxe3 1/2-1/2

[Event "Oleksandr Stadnyk Memorial 2020"]
[Site "Chortkiv"]
[Date "2020.12.07"]
[Round "1.3"]
[White "Yaniuk, Volodymyr"]
[Black "Lozynskyi, Bohdan"]
[Result "1-0"]
[ECO "E06"]
[WhiteElo "2233"]
[BlackElo "2077"]
[Annotator "NA RC"]
[PlyCount "123"]
[EventDate "2020.12.07"]
[EventType "tourn"]
[EventCountry "UKR"]
[SourceTitle "playchess.com"]
[Source "ChessBase"]
[SourceQuality "1"]
[TimeControl "5400+30"]

1. d4 d5 2. c4 e6 3. Nf3 Nf6 4. g3 Be7 5. Bg2 O-O 6. O-O dxc4 7. Ne5 Nc6 8. Nxc6 bxc6 9. Na3 Bxa3 10. bxa3 Ba6 11. Qd2 Rb8 12. Qa5 Qc8 ({But not} 12... Qxd4 $2 13. Be3 $18) 13. Rd1 Rd8 14. a4 Nd5 15. Ba3 c3 16. e4 c2 17. Rdc1 Nb6 18. Bc5 Nc4 19. Qc3 Nb2 20. Qxc2 Nd3 21. Rd1 Nxc5 22. Qxc5 Rb6 23. a5 Rb2 24. Qxa7 Rb5 $16 25. Rdc1 Rxa5 26. Rxc6 Bb7 27. Qxa5 Bxc6 28. Rc1 Qb7 29. d5 exd5 30. exd5 Qa8 31. Qxa8 Bxa8 32. Rxc7 Kf8 33. Rc5 Ke7 34. Ra5 Kd6 35. Ra7 Bxd5 36. Bxd5 Kxd5 37. Rxf7 Rg8 38. a4 Ke6 39. Rb7 Kf6 40. a5 Rc8 41. Rb6+ Kf7 42. Rb7+ Kg6 43. a6 Rc1+ 44. Kg2 Ra1 45. a7 h6 46. h4 Ra3 47. Kf1 Ra2 48. Kg2 Ra3 49. g4 Kf6 50. f3 Ra2+ 51. Kg3 Ra4 52. Kf2 Ra3 53. Ke2 Kg6 54. h5+ Kf6 55. Kd2 Ra1 56. Kc3 Ra3+ 57. Kb4 Ra1 58. Kb5 Rb1+ 59. Kc6 Rc1+ 60. Kd7 Rd1+ 61. Kc8 Re1 62. Rb6+ 1-0

[Event "Oleksandr Stadnyk Memorial 2020"]
[Site "Chortkiv"]
[Date "2020.12.07"]
[Round "2.1"]
[White "Polishchuk, Oleg"]
[Black "Lozynskyi, Bohdan"]
[Result "0-1"]
[ECO "A21"]
[WhiteElo "2155"]
[BlackElo "2077"]
[Annotator "RC"]
[PlyCount "74"]
[EventDate "2020.12.07"]
[EventType "tourn"]
[EventCountry "UKR"]
[SourceTitle "playchess.com"]
[Source "ChessBase"]
[SourceQuality "1"]
[TimeControl "5400+30"]

1. c4 e5 2. Nc3 d6 3. g3 Be7 4. Bg2 f5 5. Nf3 Nf6 6. d4 e4 7. Nd2 c6 8. O-O O-O 9. d5 Nbd7 10. f3 Ne5 11. Qb3 Qa5 12. Kh1 exf3 13. Nxf3 Neg4 14. h3 Nh5 15. hxg4 Nxg3+ 16. Kg1 fxg4 17. Nd4 Nxf1 18. Bxf1 Bf6 19. e3 Qd8 20. Ne4 Be5 21. Qc2 Qh4 22. Qg2 g3 23. Bd2 Bh3 24. Qxh3 Rxf1+ 25. Kg2 Qxh3+ 26. Kxh3 Rxa1 27. Nxg3 cxd5 28. cxd5 Bxd4 29. exd4 Rxa2 30. Bc3 a5 31. Nf5 b5 32. Nxd6 b4 33. Be1 Rxb2 34. Nb7 a4 35. d6 a3 36. d7 a2 37. Nd6 Rd8 0-1

[Event "Oleksandr Stadnyk Memorial 2020"]
[Site "Chortkiv"]
[Date "2020.12.07"]
[Round "2.2"]
[White "Hulka, Valentyn"]
[Black "Yaniuk, Volodymyr"]
[Result "1/2-1/2"]
[ECO "C88"]
[WhiteElo "1991"]
[BlackElo "2233"]
[Annotator "RC"]
[PlyCount "66"]
[EventDate "2020.12.07"]
[EventType "tourn"]
[EventCountry "UKR"]
[SourceTitle "playchess.com"]
[Source "ChessBase"]
[SourceQuality "1"]
[TimeControl "5400+30"]

1. e4 e5 2. Nf3 Nc6 3. Bb5 a6 4. Ba4 Nf6 5. O-O Be7 6. Re1 b5 7. Bb3 O-O 8. d4 Nxd4 9. Nxd4 exd4 10. e5 Ne8 11. c3 Bb7 12. cxd4 d6 13. Nc3 dxe5 14. dxe5 c5 15. Qg4 Qb6 16. Nd5 Bxd5 17. Bxd5 Rd8 18. Be4 Rd4 19. Qh3 g6 20. Bh6 Ng7 21. Bc2 Rfd8 22. Be3 R4d7 23. f4 Qe6 24. Qf3 Nf5 25. Bf2 h5 26. b3 Rd2 27. Qe4 Nd4 28. Rac1 Nxc2 29. Rxc2 f5 30. exf6 Qxe4 31. Rxd2 Qxe1+ 32. Bxe1 Rxd2 33. Bxd2 Bxf6 1/2-1/2

[Event "Oleksandr Stadnyk Memorial 2020"]
[Site "Chortkiv"]
[Date "2020.12.07"]
[Round "2.3"]
[White "Vakulenko, Oleksandr"]
[Black "Medvedyk, Volodymyr"]
[Result "1-0"]
[ECO "A53"]
[WhiteElo "2245"]
[BlackElo "2205"]
[Annotator "RC"]
[PlyCount "73"]
[EventDate "2020.12.07"]
[EventType "tourn"]
[EventCountry "UKR"]
[SourceTitle "playchess.com"]
[Source "ChessBase"]
[SourceQuality "1"]
[TimeControl "5400+30"]

1. d4 Nf6 2. c4 d6 3. Nc3 e5 4. e4 exd4 5. Qxd4 Nc6 6. Qd2 g6 7. b3 Bg7 8. Bb2 O-O 9. Bd3 Ne5 10. Bc2 Nh5 11. O-O-O f5 12. f3 Kh8 13. Nge2 Be6 14. Nd4 Bxc4 15. exf5 c5 16. Ndb5 Bxb5 17. Nxb5 gxf5 18. Nxd6 Qf6 19. Kb1 Rad8 20. Qd5 Nf4 21. Qxe5 Rxd6 22. Rxd6 Qxe5 23. Bxe5 Bxe5 24. Rd7 Nxg2 25. Rxb7 Nh4 26. Rf1 Bxh2 27. Rxa7 h6 28. a4 Rb8 29. a5 Be5 30. a6 Rb6 31. f4 Bc3 32. Rd1 Bd4 33. Re1 Rb8 34. Rb7 Rg8 35. a7 c4 36. bxc4 Ng6 37. Bxf5 1-0

[Event "Oleksandr Stadnyk Memorial 2020"]
[Site "Chortkiv"]
[Date "2020.12.08"]
[Round "3.1"]
[White "Medvedyk, Volodymyr"]
[Black "Polishchuk, Oleg"]
[Result "1-0"]
[ECO "A25"]
[WhiteElo "2205"]
[BlackElo "2155"]
[Annotator "ChessBase"]
[PlyCount "52"]
[EventDate "2020.12.07"]
[EventType "tourn"]
[EventCountry "UKR"]
[SourceTitle "playchess.com"]
[Source "ChessBase"]
[SourceQuality "1"]
[TimeControl "5400+30"]

1. c4 e5 2. g3 Nc6 3. Nc3 g6 4. Bg2 Bg7 5. e4 d6 6. Nge2 h5 7. h3 Be6 8. d3 Qd7 9. a3 f5 10. Bg5 h4 11. exf5 gxf5 12. Bxh4 Nf6 13. Nd5 Bxd5 14. cxd5 Ne7 15. Qb3 O-O-O 16. Bg5 Kb8 17. Rc1 Ng6 18. h4 Rde8 19. Rc4 Qf7 20. O-O Bh6 21. Rfc1 Rc8 22. Bxh6 Rxh6 23. Rb4 b6 24. Nc3 Ng4 25. Nb5 f4 26. Qa4 c5 1-0

[Event "Oleksandr Stadnyk Memorial 2020"]
[Site "Chortkiv"]
[Date "2020.12.08"]
[Round "3.2"]
[White "Yaniuk, Volodymyr"]
[Black "Vakulenko, Oleksandr"]
[Result "1-0"]
[ECO "D30"]
[WhiteElo "2233"]
[BlackElo "2245"]
[Annotator "NA"]
[PlyCount "123"]
[EventDate "2020.12.07"]
[EventType "tourn"]
[EventCountry "UKR"]
[SourceTitle "playchess.com"]
[Source "ChessBase"]
[SourceQuality "1"]
[TimeControl "5400+30"]

1. d4 d5 2. c4 e6 3. Nf3 Nf6 4. g3 Bb4+ 5. Bd2 Be7 6. Bg2 O-O 7. O-O Nbd7 8. Qc2 Ne4 9. Bf4 c6 10. Nfd2 g5 11. Nxe4 gxf4 12. Ned2 Bd6 13. Nc3 f5 14. gxf4 Bxf4 15. e3 Bd6 16. f4 Nf6 17. c5 Bc7 18. Nf3 Kh8 19. Ne5 Bd7 20. Bf3 Be8 21. Qf2 Bh5 22. Bxh5 Nxh5 23. Nf3 h6 24. Kh1 Rg8 25. Rg1 Qe7 26. b4 a6 27. a4 Rg4 28. h3 Rxg1+ 29. Rxg1 Kh7 30. Ne2 Re8 31. Nc1 Rg8 32. Ne2 Rxg1+ 33. Kxg1 Nf6 34. Ng3 Qg7 35. Kh2 Qe7 36. Qe2 Qe8 37. Ne1 Bd8 38. Nc2 h5 39. Ne1 h4 40. Nf1 Ne4 41. Nf3 Bf6 42. N3d2 Nc3 43. Qd3 Nxa4 44. Qa3 b5 45. cxb6 Nxb6 46. Qxa6 Bd8 47. Nf3 Nc4 48. Qb7+ Kh6 49. Ne5 Nxe5 50. dxe5 Be7 51. Kg2 Bf8 52. Kf2 Kg6 53. Nd2 Qf7 54. Qxc6 Bxb4 55. Nf3 Be7 56. Nd4 Kh5 57. Qxe6 Qxe6 58. Nxe6 Kg6 59. Nc7 Kf7 60. Nxd5 Bd8 61. Kf3 Ke6 62. e4 1-0

[Event "Oleksandr Stadnyk Memorial 2020"]
[Site "Chortkiv"]
[Date "2020.12.08"]
[Round "3.3"]
[White "Lozynskyi, Bohdan"]
[Black "Hulka, Valentyn"]
[Result "1/2-1/2"]
[ECO "B20"]
[WhiteElo "2077"]
[BlackElo "1991"]
[Annotator "ChessBase"]
[PlyCount "73"]
[EventDate "2020.12.07"]
[EventType "tourn"]
[EventCountry "UKR"]
[SourceTitle "playchess.com"]
[Source "ChessBase"]
[SourceQuality "1"]
[TimeControl "5400+30"]

1. e4 c5 2. Be2 Nc6 3. f4 g6 4. Nf3 d5 5. d3 Nf6 6. e5 Nh5 7. O-O Bh6 8. g3 O-O 9. c3 d4 10. Nbd2 Ng7 11. Ne4 b6 12. Qa4 Bd7 13. Qc2 Rc8 14. Bd2 f6 15. exf6 exf6 16. Rfe1 dxc3 17. bxc3 Be6 18. Bf1 Re8 19. Qb2 Nf5 20. c4 Bg7 21. Bc3 Ncd4 22. Nxd4 cxd4 23. Bd2 Ne3 24. Be2 Bxc4 25. Bxe3 dxe3 26. dxc4 Rxe4 27. Rad1 Qc7 28. Bf3 Re7 29. Kg2 Kh8 30. Bd5 f5 31. Qa3 Rce8 32. Re2 Qc5 33. Qb3 h6 34. h4 h5 35. Kf3 Bf6 36. Rd3 Kg7 37. Rd1 1/2-1/2

[Event "Oleksandr Stadnyk Memorial 2020"]
[Site "Chortkiv"]
[Date "2020.12.08"]
[Round "4.1"]
[White "Polishchuk, Oleg"]
[Black "Hulka, Valentyn"]
[Result "1-0"]
[ECO "A21"]
[WhiteElo "2155"]
[BlackElo "1991"]
[Annotator "NA"]
[PlyCount "77"]
[EventDate "2020.12.07"]
[EventType "tourn"]
[EventCountry "UKR"]
[SourceTitle "playchess.com"]
[Source "ChessBase"]
[SourceQuality "1"]
[TimeControl "5400+30"]

1. c4 e5 2. Nc3 d6 3. Nf3 f5 4. d4 e4 5. Nd2 c6 6. e3 Nf6 7. Be2 Be7 8. O-O O-O 9. b4 d5 10. Qb3 Be6 11. a4 g5 12. b5 Nbd7 13. a5 c5 14. cxd5 Bf7 15. Bc4 cxd4 16. exd4 Bd6 17. Ba3 Qe7 18. Rfe1 Rfe8 19. Nd1 Bxa3 20. Rxa3 Qd6 21. Ne3 Bg6 22. Be2 f4 23. Ndc4 Qf8 24. Ng4 f3 25. gxf3 exf3 26. Qxf3 Nxg4 27. Qxg4 Qb4 28. Kf1 Nf6 29. Qxg5 Ne4 30. Qe3 Nxf2 31. Ne5 Rf8 32. Bf3 Nh3 33. Nxg6 hxg6 34. Qe6+ Rf7 35. Qxg6+ Rg7 36. Re8+ Rxe8 37. Qxe8+ Kh7 38. Be4+ Kh6 39. Rxh3+ 1-0

[Event "Oleksandr Stadnyk Memorial 2020"]
[Site "Chortkiv"]
[Date "2020.12.08"]
[Round "4.2"]
[White "Vakulenko, Oleksandr"]
[Black "Lozynskyi, Bohdan"]
[Result "1-0"]
[ECO "D35"]
[WhiteElo "2245"]
[BlackElo "2077"]
[Annotator "NA"]
[PlyCount "79"]
[EventDate "2020.12.07"]
[EventType "tourn"]
[EventCountry "UKR"]
[SourceTitle "playchess.com"]
[Source "ChessBase"]
[SourceQuality "1"]
[TimeControl "5400+30"]

1. d4 d5 2. c4 e6 3. Nc3 Nf6 4. cxd5 exd5 5. Bg5 Nbd7 6. e3 c6 7. Bd3 Be7 8. Qc2 O-O 9. Nf3 Re8 10. O-O h6 11. Bf4 Nh5 12. Nxd5 Nxf4 13. Nxf4 Nf6 14. h3 Nd5 15. Nxd5 cxd5 16. Bh7+ Kf8 17. Bf5 Bd6 18. Bxc8 Rxc8 19. Qh7 Qf6 20. Rac1 Rcd8 21. Rc3 Re6 22. Rc8 Ree8 23. Rfc1 g5 24. Rxd8 Rxd8 25. Ne5 Bxe5 26. dxe5 Qxe5 27. Qxh6+ Ke7 28. Rd1 Rd6 29. Qh5 Qxb2 30. Qxg5+ Rf6 31. Qxd5 Qxf2+ 32. Kh2 Kf8 33. Qc5+ Kg7 34. Rd8 Rg6 35. Qf8+ Kf6 36. Rd6+ Kg5 37. Rd4 Qxe3 38. Qc5+ Kf6 39. Rd6+ Qe6 40. Rxe6+ 1-0

[Event "Oleksandr Stadnyk Memorial 2020"]
[Site "Chortkiv"]
[Date "2020.12.08"]
[Round "4.3"]
[White "Medvedyk, Volodymyr"]
[Black "Yaniuk, Volodymyr"]
[Result "0-1"]
[ECO "E04"]
[WhiteElo "2205"]
[BlackElo "2233"]
[Annotator "NA"]
[PlyCount "76"]
[EventDate "2020.12.07"]
[EventType "tourn"]
[EventCountry "UKR"]
[SourceTitle "playchess.com"]
[Source "ChessBase"]
[SourceQuality "1"]
[TimeControl "5400+30"]

1. Nf3 d5 2. d4 Nf6 3. c4 e6 4. g3 dxc4 5. Bg2 Bd7 6. Ne5 Bc6 7. Nxc6 Nxc6 8. O-O Qd7 9. e3 O-O-O 10. Nd2 h5 11. Nxc4 Nd5 12. b4 Bxb4 13. a3 Bd6 14. Qb3 h4 15. Rb1 b6 16. Bd2 hxg3 17. hxg3 f5 18. Rfc1 Nce7 19. a4 Rdf8 20. e4 fxe4 21. Bxe4 Nf5 22. Bxd5 exd5 23. Nxb6+ axb6 24. Qxd5 Kd8 25. Bg5+ Ke8 26. Re1+ Ne7 27. Rb2 Qh3 28. Qc6+ Kf7 29. Qc4+ Kg6 30. Re6+ Rf6 31. Qd3+ Kf7 32. Rxf6+ gxf6 33. Qb3+ Kg7 34. Bh4 Ng6 35. Qd5 Nxh4 36. gxh4 Qg4+ 37. Kf1 Qd1+ 38. Kg2 Rxh4 0-1

[Event "Oleksandr Stadnyk Memorial 2020"]
[Site "Chortkiv"]
[Date "2020.12.09"]
[Round "5.1"]
[White "Yaniuk, Volodymyr"]
[Black "Polishchuk, Oleg"]
[Result "1-0"]
[ECO "D30"]
[WhiteElo "2233"]
[BlackElo "2155"]
[Annotator "ChessBase"]
[PlyCount "99"]
[EventDate "2020.12.07"]
[EventType "tourn"]
[EventCountry "UKR"]
[SourceTitle "playchess.com"]
[Source "ChessBase"]
[SourceQuality "1"]
[TimeControl "5400+30"]

1. d4 d5 2. c4 e6 3. Nf3 c6 4. e3 f5 5. Bd3 Nf6 6. O-O Bd6 7. b3 O-O 8. Ba3 Bxa3 9. Nxa3 Ne4 10. Qc2 Nd7 11. Nb1 Qf6 12. Nc3 g5 13. Ne2 g4 14. Nd2 Qh6 15. Nf4 Ndf6 16. f3 Ng5 17. Be2 gxf3 18. gxf3 Bd7 19. Kh1 Kh8 20. Rg1 Rg8 21. Rg3 Nh5 22. Nxh5 Qxh5 23. f4 Qxe2 24. fxg5 dxc4 25. bxc4 c5 26. d5 exd5 27. cxd5 b5 28. Qc3+ Rg7 29. Rg2 Qh5 30. Qxc5 Rc8 31. Qd4 a5 32. Rf1 Kg8 33. Qf4 Qf7 34. e4 b4 35. Qe5 Re8 36. Qd4 f4 37. Rf3 Rc8 38. h3 Qh5 39. Kh2 Rxg5 40. Rxg5+ Qxg5 41. e5 Rc2 42. e6 Bc8 43. Rxf4 h5 44. Rf2 Rxa2 45. Rg2 Qxg2+ 46. Kxg2 b3 47. Kg3 a4 48. Kh4 Rc2 49. Kg5 b2 50. Kh6 1-0

[Event "Oleksandr Stadnyk Memorial 2020"]
[Site "Chortkiv"]
[Date "2020.12.09"]
[Round "5.2"]
[White "Lozynskyi, Bohdan"]
[Black "Medvedyk, Volodymyr"]
[Result "1/2-1/2"]
[ECO "C54"]
[WhiteElo "2077"]
[BlackElo "2205"]
[Annotator "ChessBase"]
[PlyCount "105"]
[EventDate "2020.12.07"]
[EventType "tourn"]
[EventCountry "UKR"]
[SourceTitle "playchess.com"]
[Source "ChessBase"]
[SourceQuality "1"]
[TimeControl "5400+30"]

1. e4 e5 2. Nf3 Nc6 3. Bc4 Bc5 4. c3 Nf6 5. d4 exd4 6. e5 d5 7. Bb5 Ne4 8. cxd4 Bb6 9. Nc3 O-O 10. Be3 Bg4 11. h3 Bh5 12. Qc2 Bg6 13. Qb3 Ne7 14. O-O c6 15. Bd3 Qd7 16. Rad1 Nxc3 17. Qxc3 Bh5 18. Be2 Bc7 19. Rfe1 a5 20. b3 Bd8 21. Bf4 Ng6 22. Bh2 Nh4 23. Nxh4 Bxe2 24. Rxe2 Bxh4 25. f4 f5 26. Qf3 Qe6 27. g4 Be7 28. a4 Kh8 29. Kg2 g5 30. fxg5 Bxg5 31. Rf1 fxg4 32. Qxf8+ Rxf8 33. Rxf8+ Kg7 34. Ref2 gxh3+ 35. Kh1 Qg6 36. e6 Qb1+ 37. Rf1 Qe4+ 38. R1f3 Qe1+ 39. Rf1 Qxe6 40. Be5+ Kg6 41. Kh2 h6 42. R1f3 c5 43. Kg3 cxd4 44. Bxd4 h5 45. Kh2 Qg4 46. Rg8+ Kh7 47. Rh8+ Kg6 48. Rg8+ Kh7 49. Rgf8 Kg6 50. Rg3 Qe2+ 51. Rf2 Qg4 52. Rf8 Qe6 53. Rgf3 1/2-1/2

[Event "Oleksandr Stadnyk Memorial 2020"]
[Site "Chortkiv"]
[Date "2020.12.09"]
[Round "5.3"]
[White "Hulka, Valentyn"]
[Black "Vakulenko, Oleksandr"]
[Result "1-0"]
[ECO "C91"]
[WhiteElo "1991"]
[BlackElo "2245"]
[Annotator "ChessBase"]
[PlyCount "89"]
[EventDate "2020.12.07"]
[EventType "tourn"]
[EventCountry "UKR"]
[SourceTitle "playchess.com"]
[Source "ChessBase"]
[SourceQuality "1"]
[TimeControl "5400+30"]

1. e4 e5 2. Nf3 Nc6 3. Bb5 a6 4. Ba4 Nf6 5. O-O Be7 6. Re1 b5 7. Bb3 d6 8. c3 O-O 9. d4 Bg4 10. Be3 exd4 11. cxd4 d5 12. e5 Ne4 13. h3 Be6 14. Nbd2 Na5 15. Bc2 Nxd2 16. Qxd2 Nc4 17. Qd3 g6 18. Bh6 Re8 19. b3 Na3 20. Qe2 Nxc2 21. Qxc2 Qd7 22. Qd2 a5 23. Qf4 a4 24. Bg5 axb3 25. Bxe7 Qxe7 26. axb3 Bf5 27. g4 Bc2 28. Qe3 Ra3 29. Qc3 Rxb3 30. Qxc2 Rxf3 31. Kg2 Rf4 32. Qd2 g5 33. Ra7 Rd8 34. Rc1 Rd7 35. Rc6 b4 36. Rb7 h6 37. f3 Qf8 38. Qd3 Qa8 39. e6 Re7 40. Rbxc7 Rxc7 41. Rxc7 Qa2+ 42. Kg3 Kg7 43. e7 Qa1 44. Qe3 Qf1 45. e8=Q 1-0

[Event "Oleksandr Stadnyk Memorial 2020"]
[Site "Chortkiv"]
[Date "2020.12.09"]
[Round "6.1"]
[White "Polishchuk, Oleg"]
[Black "Vakulenko, Oleksandr"]
[Result "0-1"]
[ECO "D43"]
[WhiteElo "2155"]
[BlackElo "2245"]
[Annotator "RC"]
[PlyCount "86"]
[EventDate "2020.12.07"]
[EventType "tourn"]
[EventCountry "UKR"]
[SourceTitle "playchess.com"]
[Source "ChessBase"]
[SourceQuality "1"]
[TimeControl "5400+30"]

1. d4 d5 2. c4 e6 3. Nc3 c6 4. Nf3 Nf6 5. Bg5 h6 6. Bxf6 Qxf6 7. e3 g6 8. Rc1 Nd7 9. Bd3 Bg7 10. O-O O-O 11. cxd5 exd5 12. b4 Qd6 13. Qb3 b5 14. e4 dxe4 15. Nxe4 Qf4 16. Rfe1 Bb7 17. Nc5 Nxc5 18. dxc5 Kh8 19. Rcd1 Rae8 20. Bf1 Rxe1 21. Rxe1 Bc8 22. g3 Qc7 23. Nh4 g5 24. Nf3 Be6 25. Qa3 a5 26. h4 g4 27. Nd2 axb4 28. Qxb4 Ra8 29. Ne4 Ra4 30. Qb1 Bxa2 31. Qd1 Be6 32. Nd6 Ra1 33. Qe2 Rxe1 34. Qxe1 Qa7 35. Qc1 b4 36. Ne8 Qa1 37. Qf4 b3 38. Qb8 Be5 39. Qd8 Qd4 40. Nd6+ Kh7 41. Qe7 Bxg3 42. Ne4 Qxe4 43. fxg3 b2 0-1

[Event "Oleksandr Stadnyk Memorial 2020"]
[Site "Chortkiv"]
[Date "2020.12.09"]
[Round "6.2"]
[White "Hulka, Valentyn"]
[Black "Medvedyk, Volodymyr"]
[Result "1/2-1/2"]
[ECO "C70"]
[WhiteElo "1991"]
[BlackElo "2205"]
[Annotator "RC"]
[PlyCount "55"]
[EventDate "2020.12.07"]
[EventType "tourn"]
[EventCountry "UKR"]
[SourceTitle "playchess.com"]
[Source "ChessBase"]
[SourceQuality "1"]
[TimeControl "5400+30"]

1. e4 e5 2. Nf3 Nc6 3. Bb5 a6 4. Ba4 b5 5. Bb3 g6 6. d4 exd4 7. a4 b4 8. Nxd4 Na5 9. Bd5 c6 10. Ba2 Bg7 11. O-O Ne7 12. c3 c5 13. cxb4 cxd4 14. bxa5 O-O 15. Nd2 d5 16. exd5 Nxd5 17. Ne4 Nb4 18. Bb3 Qxa5 19. Nd6 Be6 20. Bxe6 fxe6 21. Bd2 Rab8 22. Qe1 e5 23. Rc1 Qb6 24. Nc4 Qb7 25. Nd6 Qb6 26. Nc4 Qb7 27. Nd6 Qb6 28. Nc4 1/2-1/2

[Event "Oleksandr Stadnyk Memorial 2020"]
[Site "Chortkiv"]
[Date "2020.12.11"]
[Round "10.2"]
[White "Medvedyk, Volodymyr"]
[Black "Lozynskyi, Bohdan"]
[Result "0-1"]
[ECO "A06"]
[WhiteElo "2205"]
[BlackElo "2077"]
[Annotator "ChessBase"]
[PlyCount "74"]
[EventDate "2020.12.07"]
[EventType "tourn"]
[EventCountry "UKR"]
[SourceTitle "playchess.com"]
[Source "ChessBase"]
[SourceQuality "1"]
[TimeControl "5400+30"]

1. Nf3 d5 2. g3 Nf6 3. Bg2 Bg4 4. c4 c6 5. Ne5 Bh5 6. cxd5 cxd5 7. Qa4+ Nbd7 8. d3 e6 9. g4 Bg6 10. h4 h6 11. Nxg6 fxg6 12. g5 hxg5 13. hxg5 Rxh1+ 14. Bxh1 Nh5 15. Nc3 Qb6 16. Bd2 O-O-O 17. Rc1 Nc5 18. Nb5 a6 19. b4 Qxb5 20. Qxb5 axb5 21. bxc5 Kd7 22. e4 Kc6 23. Rc2 Be7 24. Bg2 Rf8 25. Bh3 dxe4 26. Bg2 Nf4 27. Bxe4+ Kc7 28. Ba5+ Kb8 29. Rb2 Bxc5 30. Rxb5 b6 31. Bxb6 Bxb6 32. Rxb6+ Kc7 33. Rb7+ Kd6 34. Rxg7 Rb8 35. Kd2 Rb2+ 36. Ke3 Nh3 37. Rxg6 Nxf2 0-1